 Dungeon Crawl Stone Soup version 0.19.4-8-ga85b6b9 (webtiles) character file.

110 HAWKINGL3623 the Caller (level 4, 0/24 HPs)
             Began as a Deep Elf Summoner on Feb 9, 2017.
             Slain by Grinder (4 damage)
             ... while paralysed by Grinder
             ... on level 3 of the Dungeon.
             The game lasted 00:18:38 (3179 turns).

HAWKINGL3623 the Caller (Deep Elf Summoner)         Turns: 3179, Time: 00:18:39

Health: 0/24       AC:  3    Str:  4 (5)  XL:     4   Next: 61%
Magic:  10/11      EV:  2    Int: 20      God:
Gold:   202        SH:  0    Dex: 16 (18) Spells: 3 memorised, 4 levels left

rFire  + . .     SeeInvis .     m - +1 dagger (holy)
rCold  x . .     Gourm    .     a - +0 robe
rNeg   . . .     Faith    .     (no shield)
rPois  .         Spirit   .     (no helmet)
rElec  .         Reflect  .     l - +0 cloak
rCorr  .         Harm     .     (no gloves)
MR     .....                    (no boots)
Stlth  +++.......               (no amulet)
                                (no ring)
                                j - ring of fire

@: paralysed, very slightly contaminated
A: thin skeletal structure 1, blink, sturdy frame 1
a: Blink


You were on level 3 of the Dungeon.
You were not hungry.

You visited 1 branch of the dungeon, and saw 3 of its levels.

You collected 202 gold pieces.

Inventory:

Hand Weapons
 h - a +1 short sword of protection
 i - a +0 hunting sling
 m - a +1 dagger of holy wrath (weapon)
Missiles
 e - 66 stones (quivered)
Armour
 a - a +0 robe (worn)
 l - a +0 cloak (worn)
Jewellery
 j - a ring of fire (left hand)
Scrolls
 d - 3 scrolls of remove curse
Books
 b - a book of Callings

   Spells                             Type                      Level
   a - Summon Small Mammal            Summoning                    1
   b - Call Imp                       Summoning                    2
   c - Call Canine Familiar           Summoning                    3
   d - Summon Guardian Golem          Hexes/Summoning              3
   e - Summon Lightning Spire         Summoning/Air                4
   f - Summon Ice Beast               Ice/Summoning                4
Comestibles
 c - 2 bread rations
 g - a meat ration


   Skills:
 + Level 0.7 Fighting
 + Level 0.4 Short Blades
 + Level 0.8(0.9) Slings
 + Level 0.2(0.6) Throwing
 + Level 2.7 Dodging
 + Level 3.1 Stealth
 + Level 0.4 Unarmed Combat
 + Level 3.7 Spellcasting
 + Level 5.3 Summonings


You had 4 spell levels left.
You knew the following spells:

 Your Spells              Type           Power        Failure   Level  Hunger
a - Summon Small Mammal   Summ           ####         1%          1    None
b - Call Imp              Summ           ####....     2%          2    ##.....
c - Call Canine Familiar  Summ           ####....     6%          3    ###....


Dungeon Overview and Level Annotations

Branches:
Dungeon (3/15)

Altars:
Dithmenos
Makhleb
Xom
The Shining One

Annotations:
D:3 Grinder


Innate Abilities, Weirdness & Mutations

You have a somewhat thin skeletal structure. (Dex +2, Stealth)
You can translocate small distances at will.
Your movements are slightly less encumbered by armour. (ER -2)


Message History

Grinder says, "Just stop there for a second..."
Grinder blinks!
Okay, then.
You swap places.
Your hound bites Grinder.
Your hound bites Grinder.
Grinder blinks!
Grinder gestures at you.
You suddenly lose the ability to move!
Your hound bites Grinder but does no damage.
Grinder hits you.
* * * LOW HITPOINT WARNING * * *
You writhe in agony.
* * * LOW HITPOINT WARNING * * *
Your hound bites Grinder.
Grinder gestures at you.
You shrug off the repeated paralysis!
Your hound barely misses Grinder.
You hear the rapid rusting of a drain.
Your hound bites Grinder.
Grinder says, "What is the universe for?"
Grinder hits you.
You die...

#..........#
#..........#
#...#.########
#####.# #.#
#.# #.#######
#........
#@.......
#.5......
#h#####.. #†#
. #.# #.# ..#
###


You could see Grinder and a friendly hound.

Vanquished Creatures
  An adder (D:3)
  A dart slug (D:2)
  2 leopard geckos
  2 orcs (D:3)
  A bat (D:2)
  7 goblins
  4 hobgoblins
  3 kobolds
  A ball python (D:2)
  A frilled lizard (D:2)
  2 rats
25 creatures vanquished.

Vanquished Creatures (collateral kills)
  Robin (D:3)
  3 gnolls
  2 adders
  2 worms
  A dart slug (D:1)
  3 leopard geckos
  3 bats (D:1)
  A giant cockroach (D:3)
  10 hobgoblins
  A quokka (D:3)
  A ball python (D:1)
  5 frilled lizards
  9 goblins
  3 kobolds
  2 rats
47 creatures vanquished.

Grand Total: 72 creatures vanquished

Notes
Turn   | Place    | Note
-------+----------+-------------------------------------------
     0 | D:1      | HAWKINGL3623 the Deep Elf Summoner began the quest for the Orb.
     0 | D:1      | Reached XP level 1. HP: 10/10 MP: 6/6
   595 | D:1      | Reached XP level 2. HP: 14/15 MP: 6/8
   627 | D:1      | Learned a level 2 spell: Call Imp
  1485 | D:2      | Reached skill level 5 in Summonings
  1515 | D:2      | Reached XP level 3. HP: 19/19 MP: 9/9
  1600 | D:2      | Found a glowing golden altar of the Shining One.
  1639 | D:2      | Found a burning altar of Makhleb.
  1662 | D:2      | Found a shimmering altar of Xom.
  1730 | D:2      | Found a shadowy altar of Dithmenos.
  2098 | D:1      | Learned a level 3 spell: Call Canine Familiar
  2630 | D:3      | Reached XP level 4. HP: 24/24 MP: 8/11
  2794 | D:3      | Gained mutation: Your movements are slightly less encumbered by armour. (ER -2) [potion of beneficial mutation]
  2795 | D:3      | Gained mutation: You have a somewhat thin skeletal structure. (Dex +2, Stealth) [potion of beneficial mutation]
  2796 | D:3      | Gained mutation: You can translocate small distances at will. [potion of beneficial mutation]
  2812 | D:3      | Noticed Robin
  2858 | D:3      | Killed Robin
  3150 | D:3      | Noticed Grinder
  3151 | D:3      | Paralysed by Grinder for 6 turns
  3176 | D:3      | Paralysed by Grinder for 5 turns
  3179 | D:3      | Slain by Grinder

Skill      XL: |  1  2  3 |
---------------+----------+-----
Summonings     | 5 |  5.3
Stealth        | 3 |  3.1
Fighting       | |  0.7
Short Blades   | |  0.4
Slings         | |  0.8
Throwing       | |  0.2
Dodging        | |  2.7
Unarmed Combat | |  0.4
Spellcasting   | |  3.7

Action                   |  1- 3 |  4- 6 || total
-------------------------+-------+-------++-------
Melee: Unarmed           |    25 |       ||    25
       Dagger            |     9 |     3 ||    12
       Short sword       |    35 |    21 ||    56
       Punch             |     1 |       ||     1
 Fire: Hunting sling     |     5 |    25 ||    30
Throw: Stone             |     3 |     1 ||     4
 Cast: Summon Small Mamm |    26 |       ||    26
       Call Imp          |    14 |     1 ||    15
       Call Canine Famil |     2 |     5 ||     7
  Use: Scroll            |     5 |       ||     5
       Potion            |     2 |     6 ||     8
 Stab: Sleeping          |     5 |     1 ||     6
  Eat: Pizza             |     1 |       ||     1
       Chunk             |     2 |       ||     2
       Bread ration      |     1 |       ||     1
Armor: Robe              |     9 |     9 ||    18
Dodge: Dodged            |    61 |    16 ||    77
